 Dungeon Crawl Stone Soup version 0.29.1-12-g30fa7ad0bf (webtiles) character file.

Game seed: 6306222790405537755

365 Peloso the Slasher (level 6, -1/36 (53) HPs)
             Began as a Minotaur Fighter on Jan 1, 2023.
             Killed from afar by Ijyb (14 damage)
             ... with a bolt of dispelling energy
             ... on level 3 of the Dungeon.
             The game lasted 00:08:26 (3535 turns).

Peloso the Slasher (Minotaur Fighter)               Turns: 3535, Time: 00:08:27

HP:   -1/36 (53)    AC: 10    Str: 20    XL:     6   Next: 40%
MP:   5/5           EV:  8    Int:  5    God:
Gold: 147           SH:  0    Dex: 12    Spells: 5/5 levels left

rFire   . . .      SeeInvis .   a - +0 long sword
rCold   . . .      Faith    .   (no shield)
rNeg    . . .      Spirit   .   d - +1 chain mail
rPois   .          Reflect  .   (helmet restricted)
rElec   .          Harm     .   (no cloak)
rCorr   +          Rampage  .   (no gloves)
Will    .....                   (no boots)
Stlth   ..........              (no amulet)
HPRegen 0.12/turn               j - ring of resist corrosion
MPRegen 0.09/turn               (no ring)

@: mighty, very heavily drained
A: horns 2, retaliatory headbutt
a: no special abilities


You were on level 3 of the Dungeon.
You visited 1 branch of the dungeon, and saw 3 of its levels.

You collected 147 gold pieces.

Inventory:

Hand Weapons
 a - a +0 long sword (weapon)
 b - a +2 dagger of flaming
Armour
 c - a +0 scale mail
 d - a +1 chain mail (worn)
 g - a +0 buckler
Jewellery
 i - a ring of willpower
 j - a ring of resist corrosion (left hand)
Scrolls
 o - 2 scrolls of identify
 q - a scroll of blinking {unknown}
 r - a scroll of amnesia {unknown}
Potions
 e - a potion of cancellation
 f - a potion of invisibility
 h - a potion of might
 k - a potion of magic {unknown}
 m - a potion of lignification {unknown}
 n - a potion of resistance {unknown}
 p - a potion of flight {unknown}


   Skills:
 + Level 4.5 Fighting
 + Level 5.5 Long Blades
 + Level 5.4 Armour
 + Level 2.0 Dodging
 + Level 4.4 Shields


You had 5 spell levels left.
You didn't know any spells.
Your spell library contained the following spells:

 Spells                   Type           Power      Damage    Failure   Level
 Foxfire                  Conj/Fire      0%         2x1d4     99%         1
 Conjure Flame            Conj/Fire      0%         6-21      100%        3
 Inner Flame              Hex/Fire       0%         N/A       100%        3
 Flame Wave               Conj/Fire      0%         2d4       100%        4


Dungeon Overview and Level Annotations

Branches:
Dungeon (3/15)

Altars:

Shops:
D:2 :

Annotations:
D:2 1 runed translucent door, Crazy Yiuf
D:3 Ijyb


Innate Abilities, Weirdness & Mutations

You have a pair of horns on your head.
You reflexively headbutt those who attack you in melee.


Message History

You hit Ijyb but do no damage.
Ijyb is lightly wounded.
Ijyb hits you with a +2 dagger of draining.
* * * LOW HITPOINT WARNING * * *
You feel drained.
Unknown command.
You feel better. Ijyb hits you but does no damage.
You feel drained.
You feel very mighty all of a sudden. Ijyb hits you but does no damage.
You feel drained.
You slash Ijyb!
Ijyb is moderately wounded.
Ijyb hits you with a +2 dagger of draining.
* * * LOW HITPOINT WARNING * * *
You feel drained.
* * * LOW HITPOINT WARNING * * *
You barely miss Ijyb.
Ijyb is moderately wounded.
Ijyb hits you with a +2 dagger of draining.
* * * LOW HITPOINT WARNING * * *
You feel drained.
* * * LOW HITPOINT WARNING * * *
Unknown command.
You feel better. Ijyb hits you but does no damage.
You feel drained.
You slash Ijyb!
Ijyb is severely wounded.
Ijyb hits you but does no damage.
You feel drained.
You closely miss Ijyb.
Ijyb is severely wounded.
Ijyb hits you but does no damage.
You feel drained.
You hit Ijyb but do no damage.
Ijyb is severely wounded.
Ijyb hits you but does no damage.
You feel drained.
You hit Ijyb but do no damage.
Ijyb is severely wounded.
Ijyb hits you but does no damage.
You feel drained.
You hit Ijyb. Your headbutt misses Ijyb.
Ijyb is almost dead.
Ijyb zaps a wand.
The bolt of dispelling energy hits you!
Your magical effects are unravelling.
You die...

##.....g. #......#
#......# #...).##
##.†.## ... ##g##
#'# #g####
#####.#### #g#..
...#.#... #@#.#
#.#.#.# #.#.#####
#.....##
#.......###.......
###.###...........
#.# #####.#.#.##
#.#######.###.##
#.........# #...
########### #.).
####


You could see Ijyb, a hobgoblin and a goblin.

Vanquished Creatures
  Sigmund (D:3)
  2 jellies (D:3)
  Jessica (D:2)
  4 adders (D:3)
  A worm (D:2)
  A dart slug (D:1)
  2 ball pythons
  5 bats
  16 endoplasms
  2 giant cockroaches
  4 goblins
  4 hobgoblins
  15 kobolds
  3 quokkas
  3 frilled lizards
  3 rats
67 creatures vanquished.

Vanquished Creatures (others)
  5 fungi (D:3)
  10 toadstools (D:3)
15 creatures vanquished.

Grand Total: 82 creatures vanquished

Notes
Turn   | Place    | Note
-------+----------+-------------------------------------------
     0 | D:1      | Peloso the Minotaur Fighter began the quest for the Orb.
     0 | D:1      | Reached XP level 1. HP: 19/19 MP: 0/0
    69 | D:1      | Found a faded altar of an unknown god.
   203 | D:1      | Reached XP level 2. HP: 27/27 MP: 1/1
  1141 | D:2      | Reached XP level 3. HP: 23/33 MP: 2/2
  1343 | D:2      | Found Konoc's Book Boutique.
  1492 | D:2      | Noticed Jessica
  1506 | D:2      | Killed Jessica
  1688 | D:2      | Reached XP level 4. HP: 40/40 MP: 3/3
  1717 | D:2      | Found a runed translucent door.
  1718 | D:2      | Noticed Crazy Yiuf
  2114 | D:3      | Noticed Sigmund
  2133 | D:3      | Killed Sigmund
  2134 | D:3      | Reached skill level 5 in Long Blades
  2134 | D:3      | Reached skill level 5 in Armour
  2134 | D:3      | Reached skill level 1 in Dodging
  2134 | D:3      | Reached XP level 5. HP: 11/47 MP: 4/4
  2959 | D:3      | Reached XP level 6. HP: 53/53 MP: 5/5
  3506 | D:3      | Noticed Ijyb
  3529 | D:3      | HP: 2/42 [Ijyb/+2 dagger of draining (1)]
  3535 | D:3      | Killed from afar by Ijyb

Illustrated notes

Levels and vault maps discovered:
D:1:      dpeg_arrival_tiny_a, layout_basic,
          dreamdust_ecumenical_altar_hidden_monk_grotto,
          chequers_serial_rivers_micro_e, minmay_indecisive_spiral
D:2:      layout_basic, serial_shops, nicolae_shop_stone, uniq_jessica,
          uniq_crazy_yiuf_cottage
D:3:      cheibrodos_fertilizer, layout_loops_corners, reono_crystal_passage,
          uniq_sigmund, uniq_robin, uniq_ijyb

Skill      XL: |  1  2  3  4  5  6 |
---------------+-------------------+-----
Fighting       | 4 |  4.5
Armour         | 4 5 |  5.4
Long Blades    | 3 5 |  5.5
Shields        | 4 |  4.4
Dodging        | 1 2 |  2.0

Action                   |  1- 3 |  4- 6 || total
-------------------------+-------+-------++-------
Melee: Long sword        |    76 |    94 ||   170
       Headbutt          |    11 |    15 ||    26
  Use: Potion            |     3 |     4 ||     7
       Scroll            |     4 |     1 ||     5
Armor: Scale mail        |    42 |       ||    42
       Chain mail        |     8 |    55 ||    63
Dodge: Dodged            |    37 |    37 ||    74
Block: Buckler           |    25 |       ||    25
